 Dungeon Crawl Stone Soup version bcrawl-1.27.6 (webtiles) character file.

Game seed: 1330221146039054173

70712 DogServant the Firebug (level 1, -1/14 HPs)
             Began as a Demigod Fire Elementalist on Oct 5, 2020.
             Slain by a goblin
             ... wielding a +2 dagger of speed
              (4 damage)
             ... on level 1 of the Dungeon.
             The game lasted 00:01:43 (342 turns).

DogServant the Firebug (Demigod Fire Elementalist)   Turns: 342, Time: 00:01:44

Health: -1/14      AC:  2    Str: 12    XL:     1   Next: 66%
Magic:  1/5        EV: 12    Int: 19    God:    Demigod [......]
Gold:   57         SH:  0    Dex: 17    Spells: 2/3 levels left

rFire    . . .     SeeInvis .   j - +0 dagger
rCold    . . .     Gourm    .   (no shield)
rNeg     . . .     Faith    .   a - +0 robe
rPois    .         Spirit   .   (no helmet)
rElec    .         Reflect  .   (no cloak)
rCorr    .         Harm     .   (no gloves)
MR       .....                  (no boots)
Stlth    ++........             (no amulet)
HPRegen  0.04/turn              (no ring)
MPRegen  0.09/turn              (no ring)

@: no status effects
A: high mp 1
a: no special abilities


You were on level 1 of the Dungeon.
You worshipped Demigod.
Demigod was noncommittal.
You were not hungry.

You visited 1 branch of the dungeon, and saw 1 of its levels.

You collected 57 gold pieces.

Inventory:

Hand Weapons
 j - a +0 dagger (weapon)
Missiles
 c - 329 stones (quivered)
Armour
 a - a +0 robe (worn)
Scrolls
 b - 2 scrolls of identify
 d - 3 scrolls of remove curse {unknown}
 i - a scroll of magic mapping {unknown}
Potions
 f - a potion of berserk rage {unknown}
 h - a potion of resistance {unknown}
Comestibles
 e - 3 rations {!d}
 g - a chunk of flesh


   Skills:
 + Level 1.7 Dodging
 + Level 2.0 Stealth
 + Level 1.7 Spellcasting
 + Level 1.1 Conjurations
 + Level 2.9 Fire Magic


You had 2 spell levels left.
You knew the following spells:

 Your Spells              Type           Power        Failure   Level  Hunger
a - Flame Tongue          Conj/Fire      #....        8%          1    None

Your spell library contained the following spells:

 Spells                   Type           Power        Failure   Level  Hunger
 Flaming Arrows           Chrm/Fire      #.......     14%         2    ###....
 Conjure Flame            Conj/Fire      #.......     22%         3    ####...
 Inner Flame              Hex/Fire       N/A          28%         3    ####...
 Sticky Flame             Conj/Fire      #.......     58%         4    ######.
 Fireball                 Conj/Fire      #.........   91%         5    #######


Dungeon Overview and Level Annotations

Branches:
Dungeon (1/12)


Innate Abilities, Weirdness & Mutations

You have an increased reservoir of magic. (+10% MP)


Message History

Casting: Flame Tongue (safe; 8% risk of failure)
Confirm with . or Enter, or press ? or * to list all spells.
You don't have enough magic to cast that spell.
Unknown command.
The bat hits you but does no damage. The leopard gecko bites you.
* * * LOW HITPOINT WARNING * * *
The bat hits you but does no damage. The bat barely misses you.
The bat hits you but does no damage.
You see here 219 arrows.
You hit the bat but do no damage. The bat closely misses you.
You barely miss the hobgoblin.
The hobgoblin is moderately wounded.
The leopard gecko barely misses you. The goblin barely misses you.
The hobgoblin closely misses you.
You hit the goblin.
The goblin is severely wounded.
The goblin hits you with a +2 dagger of speed.
You die...
Your divinity fades.

.#....####.#.........#
#..>># ......#
#.#......#..###.####
.###.##
#.#......#.....)#
...#.#
###.#....#####..###
...#.#
...........#...##
...#.##.###.......#.###
........###..........$.
.....#...##....l#######
.##..........?.g@(#
#...##....##...##g#
[#### #.#.##.)###.# .#
.#...... ... .#
####(g###.## .# ...?
#.# .# ..... #.# ..
...... #.# .. ...(....


You could see a leopard gecko, a hobgoblin and a goblin.

Vanquished Creatures
  A bat (D:1)
  A hobgoblin (D:1)
  A kobold (D:1)
  3 rats (D:1)
6 creatures vanquished.

Notes
Turn   | Place    | Note
-------+----------+-------------------------------------------
     0 | D:1      | DogServant the Demigod Fire Elementalist began the quest
                  | for the Orb.
     0 | D:1      | Reached XP level 1. HP: 14/14 MP: 5/5
   131 | D:1      | Reached skill level 1 in Conjurations
   342 | D:1      | Slain by a goblin

Skill      XL: |  1 |
---------------+----+-----
Conjurations   | 1 |  1.1
Dodging        | |  1.7
Stealth        | |  2.0
Spellcasting   | |  1.7
Fire Magic     | |  2.9

Action                   || total
-------------------------++-------
Melee: Unarmed           ||     5
       Dagger            ||     3
 Cast: Flame Tongue      ||     8
 Stab: Sleeping          ||     1
Armor: Robe              ||     5
Dodge: Dodged            ||    14
